 Dungeon Crawl Stone Soup version 0.19-a0-835-gf140595 (webtiles) character file.

6324 Implojin the Cleaver (level 10, -6/94 HPs)
             Began as a Minotaur Fighter on June 30, 2016.
             Was an Elder of Okawaru.
             Killed from afar by Charmandara's ghost (39 damage)
             ... with a bolt of negative energy
             ... on level 13 of the Dungeon.
             The game lasted 00:16:11 (2868 turns).

Implojin the Cleaver (Minotaur Fighter)             Turns: 2868, Time: 00:16:12

Health: -6/94      AC: 14    Str: 26    XL:     10   Next: 64%
Magic:  0/12       EV:  8    Int:  5    God:    Okawaru [****..]
Gold:   254        SH: 13    Dex: 13    Spells: 0 memorised, 9 levels left

rFire  . . .     SeeInvis .     a - +0 war axe (freeze)
rCold  . . .     Gourm    .     u - +0 plate armour (curse)
rNeg   . . .     Faith    .     c - +0 shield
rPois  .         Spirit   +     (helmet restricted)
rElec  .         Dismiss  .     (no cloak)
rCorr  .         Reflect  .     (no gloves)
SustAt .         Harm     .     q - +0 pair of boots
MR     +....     Rnd*Tele +     l - amulet of guardian spirit
Stlth  ..........               o - ring of protection from magic
                                w - ring of teleportation (curse)

@: mighty, heroism, very slightly contaminated, drained, invisible (expiring),
somewhat resistant to hostile enchantments, extremely unstealthy
A: retaliatory headbutt, horns 2
a: Heroism, Renounce Religion


You were on level 13 of the Dungeon.
You worshipped Okawaru.
Okawaru was greatly pleased with you.
You were full.

You visited 2 branches of the dungeon, and saw 14 of its levels.

You collected 254 gold pieces.

Inventory:

Hand Weapons
 a - a +0 war axe of freezing (weapon)
 k - a +0 rapier
 t - a +0 long sword
Armour
 b - a +0 scale mail
 c - a +0 shield (worn)
 p - a +0 large shield
 q - a +0 pair of boots (worn)
 u - a cursed +0 plate armour (worn)
Jewellery
 l - an amulet of guardian spirit (around neck)
 m - an uncursed ring of wizardry
 o - a ring of protection from magic (right hand)
 w - a cursed ring of teleportation (left hand)
 y - an uncursed ring of protection from cold
 E - an uncursed ring of protection from cold
Wands
 d - a wand of disintegration (10/24)
 j - a wand of iceblast (11/15)
 r - a wand of lightning (10/15)
 B - a wand of confusion (39/48)
 D - a wand of confusion (23/48)
Potions
 e - a potion of magic {unknown}
 g - a potion of curing
 n - a potion of invisibility
 s - 2 potions of lignification {unknown}
 v - 2 potions of haste {unknown}
 x - a potion of resistance {unknown}
 z - a potion of cancellation {unknown}
 A - 2 potions of brilliance {unknown}
Comestibles
 f - 4 bread rations
 i - a royal jelly
 F - 3 chunks of flesh


   Skills:
 - Level 10.9(15.0) Fighting
 - Level 13.5(17.5) Axes
 - Level 3.6(7.8) Armour
 * Level 7.4(11.5) Shields
 - Level 4.5(3.8) Invocations


You had 9 spell levels left.
You didn't know any spells.

Dungeon Overview and Level Annotations

Branches:
Dungeon (13/15)            Temple (1/1) D:4            Lair (0/6) D:10
    Orc (0/2) D:9
 Vaults: D:13-14

Altars:
Ashenzari
Cheibriados
Dithmenos
Fedhas
Gozag
Hepliaklqana
Kikubaaqudgha
Makhleb
Nemelex Xobeh
Okawaru
Pakellas
Qazlal
Ru
Sif Muna
Trog
Uskayaw
Vehumet
Xom
Yredelemnul
Zin
The Shining One
Beogh

Annotations:
D:10 exclusion: oklob plant
D:13 Charmandara's ghost, journeyman DrMo


Innate Abilities, Weirdness & Mutations

You reflexively headbutt those who attack you in melee.
You have a pair of horns on your head.


Message History

You slash Charmandara's ghost! You freeze Charmandara's ghost.
Charmandara's ghost is severely damaged.
Charmandara's ghost closely misses you.
You miss Charmandara's ghost.
Your headbutt misses Charmandara's ghost.
Charmandara's ghost is severely damaged.
You closely miss Charmandara's ghost.
Charmandara's ghost is severely damaged.
Charmandara's ghost hits you.
* * * LOW HITPOINT WARNING * * *
Unknown command.
You barely miss Charmandara's ghost. You headbutt Charmandara's ghost.
Charmandara's ghost is almost destroyed.
Charmandara's ghost hits you!
* * * LOW HITPOINT WARNING * * *
You closely miss Charmandara's ghost.
Charmandara's ghost is almost destroyed.
Charmandara's ghost hits you!
* * * LOW HITPOINT WARNING * * *
You hit Charmandara's ghost. You freeze Charmandara's ghost.
Your headbutt misses Charmandara's ghost.
Charmandara's ghost is almost destroyed.
You feel much better.
Charmandara's ghost hits you but does no damage.
You hit Charmandara's ghost. You freeze Charmandara's ghost.
Your headbutt misses Charmandara's ghost.
Charmandara's ghost is almost destroyed.
Charmandara's ghost closely misses you.
You hit Charmandara's ghost. You freeze Charmandara's ghost.
Charmandara's ghost is almost destroyed.
You flicker for a moment.
Charmandara's ghost hits you but does no damage.
You slash Charmandara's ghost! You freeze Charmandara's ghost.
Charmandara's ghost is almost destroyed.
You closely miss Charmandara's ghost.
Your headbutt misses Charmandara's ghost.
Charmandara's ghost is almost destroyed.
Charmandara's ghost breathes negative energy at you.
The bolt of negative energy hits you!
You feel drained.
You die...

#########
#........
#........
#........
#.$......
#########........
........†.#
......W@..#
..........#
..........#
..........#
..........#
..........#
###########


You could see Charmandara's ghost.

Vanquished Creatures
  Erolcha (D:8)
  2 two-headed ogres
  6 slime creatures (D:13)
  2 wyverns
  5 yaks (D:13)
  A mottled dragon (D:10)
  A water moccasin (D:9)
  5 orc warriors
  An ice beast (D:7)
  A phantom (D:7)
  2 sky beasts
  2 ogres (D:7)
  2 centaurs
  5 giant frogs
  A wyvern zombie (D:10)
  2 scorpions
  4 wights (D:10)
  2 howler monkeys (D:6)
  3 crimson imps
  A quasit (D:10)
  2 jellies
  10 orc wizards
  2 giant frog skeletons
  8 orc priests
  A centaur skeleton (D:9)
  4 worker ants
  The ghost of Implojin the Chopper, a weakling MiFi (D:4)
  3 gnolls (D:10)
  A howler monkey skeleton (D:8)
  4 adders
  2 shadow imps (D:7)
  An ooze (D:4)
  2 dart slugs
  38 orcs
  2 giant cockroaches
  2 goblins (D:1)
  A hobgoblin (D:3)
  2 jackals (D:3)
  2 kobolds
  A quokka (D:7)
  4 giant newts
  3 rats (D:2)
145 creatures vanquished.

Notes
Turn   | Place    | Note
--------------------------------------------------------------
     0 | D:1      | Implojin the Minotaur Fighter began the quest for the Orb.
     0 | D:1      | Reached XP level 1. HP: 19/19 MP: 0/0
    58 | D:1      | Reached skill level 3 in Axes
   102 | D:2      | Reached XP level 2. HP: 18/26 MP: 1/1
   120 | D:3      | Found a faded altar of an unknown god.
   244 | D:4      | Noticed Implojin's ghost (weakling MiFi)
   253 | D:4      | Killed Implojin's ghost
   253 | D:4      | Reached skill level 4 in Axes
   254 | D:4      | Reached XP level 3. HP: 3/31 MP: 0/2
   258 | D:4      | Found a staircase to the Ecumenical Temple.
   267 | Temple   | Entered the Ecumenical Temple
   308 | Temple   | Became a worshipper of Warmaster Okawaru
   351 | D:5      | Entered Level 5 of the Dungeon
   442 | D:4      | Reached skill level 5 in Axes
   445 | D:4      | Reached XP level 4. HP: 15/39 MP: 1/3
   668 | D:4      | Noticed an ice beast
   671 | D:5      | Reached skill level 6 in Axes
   737 | D:4      | Reached XP level 5. HP: 38/45 MP: 2/4
   748 | D:4      | Reached * piety under Okawaru
   819 | D:6      | Reached skill level 7 in Axes
   832 | D:6      | Reached XP level 6. HP: 34/51 MP: 3/5
   921 | D:7      | Reached skill level 8 in Axes
   979 | D:7      | Noticed a wyvern
   982 | D:7      | Noticed a sky beast
   987 | D:7      | Killed a wyvern
   987 | D:7      | Reached skill level 9 in Axes
   987 | D:7      | Reached XP level 7. HP: 7/57 MP: 0/6
   999 | D:7      | Reached skill level 10 in Axes
  1056 | D:6      | Reached ** piety under Okawaru
  1056 | D:6      | Reached skill level 4 in Fighting
  1320 | D:7      | Reached skill level 5 in Fighting
  1320 | D:7      | Reached XP level 8. HP: 37/69 MP: 3/7
  1605 | D:7      | Reached skill level 6 in Fighting
  1624 | D:7      | Reached skill level 7 in Fighting
  1705 | D:8      | Reached skill level 8 in Fighting
  1777 | D:8      | Noticed Erolcha
  1790 | D:8      | Killed Erolcha
  1790 | D:8      | Reached skill level 10 in Fighting
  1790 | D:8      | Reached XP level 9. HP: 38/86 MP: 2/8
  1944 | D:9      | Reached skill level 11 in Axes
  2005 | D:9      | Found a roughly hewn altar of Beogh.
  2005 | D:9      | Found a staircase to the Orcish Mines.
  2044 | D:9      | Reached *** piety under Okawaru
  2044 | D:9      | Reached skill level 12 in Axes
  2119 | D:9      | Found an iron altar of Okawaru.
  2269 | D:10     | Entered Level 10 of the Dungeon
  2423 | D:10     | Reached skill level 13 in Axes
  2472 | D:10     | Reached XP level 10. HP: 20/94 MP: 1/9
  2501 | D:10     | Found a staircase to the Lair.
  2502 | D:10     | Noticed an oklob plant
  2554 | D:10     | Reached skill level 1 in Invocations
  2572 | D:10     | Reached skill level 2 in Invocations
  2799 | D:13     | Reached skill level 3 in Invocations
  2806 | D:13     | Reached skill level 4 in Invocations
  2819 | D:13     | Reached **** piety under Okawaru
  2819 | D:13     | Reached skill level 4 in Shields
  2826 | D:13     | Reached skill level 5 in Shields
  2840 | D:13     | Reached skill level 6 in Shields
  2848 | D:13     | Reached skill level 7 in Shields
  2850 | D:13     | Noticed Charmandara's ghost (journeyman DrMo)
  2868 | D:13     | Killed from afar by Charmandara's ghost

Vault maps used:
D:1:      scummos_arrival_forest
D:2:      serial_park_tiny_pond, grunt_gozag_statues, uniq_sigmund
D:3:      serial_glass, glass_columns_a, glass_columns_c, ecumenical_altar_1,
          uniq_crazy_yiuf_cottage
D:4:      serial_glass, glass_columns_a, glass_columns_a, uniq_robin
D:5:      first_bread, uniq_edmund
D:6:      lightli_minifort
D:7:      grunt_ogre_cave
D:8:      serial_shops, shop_statue, uniq_erolcha, uniq_pikel
D:9:      lemuel_doored_altar, david_orc_5, basic_altar
D:10:     dpeg_oklobed_lair, serial_shops, kennysheep_little_box, serial_glass,
          glass_columns_a, glass_columns_a, due_unseen_surprise,
          minmay_strange_pillars, item_on_display_a
D:11:     lab_entry_generic
Temple:   compressed_dpeg_circular_temple

Skill      XL: |  1  2  3  4  5  6  7  8  9 10 |
---------------+-------------------------------+-----
Axes           | 3 4 5 6 7 9 10 13 | 13.5
Fighting       | 5 10 | 10.9
Invocations    | 4 |  4.5
Shields        | 7 |  7.4
Armour         | |  3.6

Action                   |  1- 3 |  4- 6 |  7- 9 | 10-12 || total
-------------------------+-------+-------+-------+-------++-------
Melee: War axe           |    47 |    65 |   207 |   105 ||   424
       Headbutt          |     8 |    13 |    55 |    26 ||   102
Invok: Heroism           |       |     2 |    18 |     9 ||    29
  Use: Potion            |     1 |       |     1 |     3 ||     5
       Scroll            |     1 |     2 |     2 |     1 ||     6
 Stab: Invisible         |       |       |       |     9 ||     9
  Eat: Chunk             |       |       |     5 |     1 ||     6
       Meat ration       |       |       |       |     1 ||     1
Armor: Scale mail        |     9 |    16 |    13 |       ||    38
       Plate armour      |       |       |    42 |    36 ||    78
Dodge: Dodged            |    10 |    16 |    20 |    12 ||    58
Block: Shield            |    22 |    32 |    65 |    27 ||   146

Table legend:
 A = Turns spent in this place as a percentage of turns spent in the entire game.
 B = Non-inter-level travel turns spent in this place as a percentage of non-inter-level travel turns spent in the entire game.
 C = Inter-level travel turns spent in this place as a percentage of turns spent in this place.
 D = Turns resting spent in this place as a percentage of non-inter-level travel turns spent in this place.
 E = Turns spent auto-exploring this place as a percentage of non-inter-level travel turns spent in this place.
 F = Non-inter-level travel turns spent in this place divided by the number of levels of this place that you've seen.
                   A       B       C       D       E      F
               +-------+-------+-------+-------+-------+----------------------
         Total | 100.0 | 100.0 |   0.0 |   0.4 |   0.0 | 159.2
       Dungeon |  96.8 |  96.8 |   0.0 |   0.5 |   0.0 | 166.0
        Temple |   3.2 |   3.2 |   0.0 |   0.0 |   0.0 |  71.0
               +-------+-------+-------+-------+-------+----------------------

Table legend:
 A = Kills in this place as a percentage of kills in entire the game.
 B = Kills by you in this place as a percentage of kills by you in the entire game.
 C = Kills by friends in this place as a percentage of kills by friends in the entire game.
 D = Other kills in this place as a percentage of other kills in the entire game.
 E = Experience gained in this place as a percentage of experience gained in the entire game.
 F = Experience gained in this place divided by the number of levels of this place that you have seen.
                   A       B       C       D       E      F
               +-------+-------+-------+-------+-------+----------------------
         Total | 100.0 | 100.0 |  -nan |  -nan | 100.0 | 645.4
       Dungeon | 100.0 | 100.0 |  -nan |  -nan | 100.0 | 695.0
               +-------+-------+-------+-------+-------+----------------------
